 Dungeon Crawl Stone Soup version 0.17-a0-1900-g45e8110 (webtiles) character file.

664195 GrandHerb the Honourless (level 27, -8/260 HPs)
             Began as a Hill Orc Fighter on Sept 23, 2015.
             Was a Follower of the Shining One (penitent).
             Splashed by an acid blob's acid (9 damage)
             ... on level 6 of the Pits of Slime on Sept 24, 2015.
             The game lasted 12:23:49 (84586 turns).

GrandHerb the Honourless (Hill Orc Fighter)        Turns: 84586, Time: 12:23:49

Health: -8/260     AC: 38    Str: 31    XL:     27
Magic:  21/39      EV: 24    Int:  8    God:    the Shining One [*]
Gold:   4182       SH: 26    Dex: 18    Spells: 0 memorised, 26 levels left

rFire  + . .     SeeInvis +     k - +9 trishula (holy)
rCold  + + +     Clarity  .     q - +10 plate armour {rF+}
rNeg   + . .     SustAt   .     K - +0 large shield
rPois  .         Gourm    .     d - +2 helmet {SInv}
rElec  .         Spirit   .     V - +2 cloak
rCorr  .         Warding  +     M - +2 pair of gloves {archery}
rMut   .         Stasis   .     o - +0 pair of boots of Generosity {*Corrode rC+ MR+++ Dex+3}
MR     +++++                    s - brooch of Shielding {Ward rN+ AC+4 EV+4}
Stlth  ..........               Y - ring of Gaum {rC+ Str+4 Slay+2}
                                R - +6 ring of protection

@: corroded equipment, very slightly contaminated, almost entirely resistant to
hostile enchantments, extremely unstealthy
A: cold resistance 1, MP-powered wands
a: Renounce Religion
}: 4/15 runes: serpentine, barnacled, icy, abyssal


You were on level 6 of the Pits of Slime.
You worshipped the Shining One.
The Shining One was demanding penance.
You were not hungry.

You visited 13 branches of the dungeon, and saw 62 of its levels.
You visited the Abyss 2 times.
You also visited: Ossuary and Ice Cave.

You collected 8330 gold pieces.
You spent 4148 gold pieces at shops.

Inventory:

Hand weapons
 k - a +9 trishula of holy wrath (weapon)
Missiles
 v - 15 throwing nets (quivered)
Armour
 d - a +2 helmet of see invisible (worn)
 o - the +0 pair of boots of Generosity (worn) {*Corrode rC+ MR+++ Dex+3}
   (You found it on level 1 of the Abyss)

   It affects your dexterity (+3).
   It protects you from cold.
   It affects your resistance to hostile enchantments.
   It may corrode your equipment when you take damage.
 q - a +10 plate armour of fire resistance (worn)
 K - a +0 large shield (worn)
 M - a +2 pair of gloves of archery (worn)
 V - a +2 cloak (worn)
Jewellery
 s - the brooch of Shielding (around neck) {Ward rN+ AC+4 EV+4}
   (You bought it in a shop on level 4 of the Orcish Mines)

   [amulet of warding]

   It may prevent the melee attacks of summoned creatures.
   It affects your AC (+4).
   It affects your evasion (+4).
   It protects you from negative energy.
 R - a +6 ring of protection (left hand)
 T - the ring "Unkohiad" {+Fly Str+4}
   (You found it on level 10 of the Dungeon)

   [ring of flight]

   It affects your strength (+4).
   It lets you fly.
 Y - the ring of Gaum (right hand) {rC+ Str+4 Slay+2}
   (You found it on level 3 of the Elven Halls)

   [ring of protection from cold]

   It affects your strength (+4).
   It affects your accuracy and damage with ranged weapons and melee attacks
   (+2).
   It protects you from cold.
Magical devices
 c - a wand of hasting (5)
 D - a wand of lightning (2)
 N - a wand of digging (11)
 Q - a wand of slowing (18)
 S - a wand of teleportation (1)
Scrolls
 a - 6 scrolls of brand weapon
 g - 5 scrolls of recharging
 h - 11 scrolls of magic mapping
 j - 8 scrolls of enchant armour
 p - 3 scrolls of fog
 x - a scroll of blinking
 y - 2 scrolls of immolation
 z - 33 scrolls of remove curse
 A - 2 scrolls of silence
 B - a scroll of summoning
 C - 9 scrolls of teleportation
 E - 5 scrolls of fear
 I - 7 scrolls of vulnerability
 U - 3 scrolls of enchant weapon
Potions
 b - 9 potions of agility
 i - 4 potions of magic
 l - 3 potions of flight
 m - 8 potions of brilliance
 n - 2 potions of resistance
 r - 7 potions of lignification
 w - 2 potions of curing
 F - 7 potions of cancellation
 H - 3 potions of haste
 L - a potion of ambrosia
 O - 3 potions of cure mutation
Miscellaneous
 t - a disc of storms
Comestibles
 e - 33 bread rations
 f - 14 meat rations


   Skills:
 + Level 23.7 Fighting
 + Level 21.6 Polearms
 + Level 22.0 Armour
 + Level 17.2 Dodging
 + Level 21.9 Shields
 + Level 24.4 Invocations
 - Level 6.0 Evocations


You had 26 spell levels left.
You didn't know any spells.

Dungeon Overview and Level Annotations

Branches:
Dungeon (15/15)            Temple (1/1) D:4            Lair (8/8) D:10
 Shoals (4/4) Lair:5        Snake (4/4) Lair:5        Slime (6/6) Lair:7
    Orc (4/4) D:9             Elf (3/3) Orc:3        Vaults (3/5) D:13
  Crypt (0/3) Vaults:3     Depths (5/5) D:15           Hell (1/1)
    Dis (1/7) Hell            Geh (0/7) Hell            Coc (7/7) Hell
    Tar (0/7) Hell            Zot (0/5) Depths:5

Altars:
Ashenzari
Cheibriados
Dithmenos
Elyvilon
Fedhas
Gozag
Kikubaaqudgha
Makhleb
Nemelex Xobeh
Okawaru
Qazlal
Ru
Sif Muna
Trog
Vehumet
Xom
Yredelemnul
Zin
The Shining One
Beogh

Shops:
D:10 ?((=%   D:14 %   D:15 ([%   Orc:2 *   Orc:4 *=[((   Shoals:4 (   Snake:2 %
Vaults:2 ?

Portals:
Hell: Lair:8 Depths:1 Depths:2 Depths:3 Depths:4 Depths:5
Abyss: Depths:4
Pandemonium: Depths:3 Depths:4
Ziggurat: Depths:3
Trove: D:12 (give wand of heal wounds (8))

Annotations:
Lair:8 Murray


Innate Abilities, Weirdness & Mutations

Your flesh is cold resistant.
You expend magic power (3 MP) to strengthen your wands.


Message History

You impale the great orb of eyes!!
You kill the great orb of eyes!
The slime creature is engulfed in roaring flames. x2
A slime creature comes into view.
Attack whom?
Press: ? - help, Dir - move target cursor, f - acid blob
Aim: an acid blob (severely wounded)
You reach to attack!
You hit the acid blob.
Your hands burn!
* * * LOW HITPOINT WARNING * * *
The acid blob is severely wounded. 2 slime creatures come into view.
Wield which item (- for none, * to show all)? (? for menu, Esc to quit)
Okay, then.
Drink which item? (? for menu, Esc to quit)
You feel better.
The slime creature is engulfed in roaring flames. x2
The acid blob hits you!!
* * * LOW HITPOINT WARNING * * *
You are splashed with acid!
The acid burns!
You die...

#### ###..§§§§§J.###
#..####....§§.§J§...##.
##...##.....§..§J§......
##...........J.§.J.......
#...........J§J§§........
###.........J.§§§.J.......
###..............J.....§....
#...........J...............
#..........@.....J..........
##..............G...........
#..........................
##.........................
#.........................
##.................J.....
##..................... #
#####....................J
####........................


You could see an acid blob, a great orb of eyes and 6 slime creatures.

Vanquished Creatures
  Antaeus (Coc:7)
  the royal jelly (Slime:6)
  10 shard shrikes
  Margery (Vaults:3)
  Saint Roka (Vaults:1)
  3 caustic shrikes
  Geryon (Hell)
  A profane servitor (Abyss:4)
  12 bone dragons
  Rupert (D:15)
  12 Ice Fiends
  4 tentacled monstrosities
  A deep elf blademaster (Elf:2)
  17 acid blobs
  5 liches
  A titan (Depths:5)
  3 Executioners
  3 krakens
  Polyphemus (Shoals:3)
  11 tentacled starspawn
  3 sphinxes
  The ghost of derrpe the Champion of Chaos, a mighty MfTm of Makhleb (Elf:3)
  2 shadow dragons
  Kirke (D:15)
  3 tengu reavers
  A storm dragon (Depths:5)
  5 greater nagas
  Ilsuiw (Shoals:3)
  8 azure jellies
  7 deep elf sorcerers
  A draconian knight (Depths:5)
  6 frost giants
  5 vault wardens
  15 fire giants
  5 balrugs
  Aizul (Snake:2)
  Louise (Elf:1)
  The ghost of asdu the Bludgeoner, a powerful DDMo of Makhleb (Snake:4)
  A cacodemon (Abyss:4)
  7 reapers
  An orc warlord (Orc:3)
  A draconian annihilator (Abyss:3)
  2 spriggan defenders (Depths:3)
  5 ironheart preservers
  An angel (Abyss:1)
  20 very ugly things
  A vampire knight (Depths:3)
  A salamander firebrand (Hell)
  2 war gargoyles
  13 stone giants
  6 deep elf annihilators (Elf:3)
  6 deep elf demonologists
  3 black draconians
  Azrael (D:15)
  2 white draconians
  3 salamander stormcallers
  A lorocyproca (Abyss:2)
  2 red draconians
  A green death (Depths:3)
  Snorg (Lair:4)
  7 blizzard demons
  8 merfolk javelineers
  2 deep elf death magi (Elf:3)
  7 merfolk impalers
  15 ettins
  A quicksilver dragon zombie (Hell)
  6 deep elf high priests
  3 jiangshi (Depths:2)
  9 death oozes
  13 fire dragons
  10 vault guards
  12 yaktaur captains
  3 entropy weavers
  3 kraken zombies
  9 rakshasas
  10 great orbs of eyes
  Harold (Lair:1)
  3 quicksilver dragon skeletons
  3 hydras
  3 catoblepae
  9 naga warriors
  A satyr (shapeshifter) (Elf:3)
  3 alligator snapping turtles
  A monstrous demonspawn (Depths:4)
  16 ice dragons
  2 hell beasts
  17 ogre magi
  4 spriggan air magi
  Erica (Orc:1)
  6 merfolk aquamancers (Shoals:4)
  4 centaur warriors
  4 merfolk avatars
  15 anacondas
  A queen ant (Lair:5)
  7 death yaks
  10 deep troll shamans
  14 deep troll earth magi
  14 dancing weapons (Elf:2)
  5 tengu warriors
  4 vampire magi
  2 satyrs (Shoals:3)
  2 titan zombies
  6 hell hogs
  22 thrashing horrors
  8 naga sharpshooters
  Urug (Lair:1)
  17 hell knights
  10 orc high priests
  2 spriggan berserkers
  4 soul eaters
  4 shadow wraiths
  2 iron golems (Lair:8)
  Nergalle (D:11)
  4 spriggans
  A titan skeleton (Coc:7)
  5 iron trolls
  2 storm dragon zombies
  5 shock serpents
  17 wretched stars
  An unseen horror (shapeshifter) (Depths:4)
  31 skeletal warriors
  2 gelid demonspawn (Depths:3)
  10 spatial maelstroms
  9 sun demons
  13 deep elf knights
  2 storm dragon skeletons
  2 fire crabs
  15 sea snakes
  A quicksilver dragon simulacrum (Depths:3)
  8 salamander mystics
  21 ice devils
  A golden dragon zombie (Depths:3)
  2 flayed ghosts
  A fire crab (shapeshifter) (Depths:1)
  5 ironbrand convokers
  5 wizards
  31 deep trolls
  10 giant orange brains
  3 ice statues (IceCv)
  53 large abominations
  6 deep elf summoners
  10 unseen horrors
  3 lindwurms (Snake:4)
  A tengu zombie (Depths:3)
  A phantasmal warrior (Abyss:4)
  2 shadow dragon zombies
  8 anaconda zombies
  A putrid demonspawn (Depths:4)
  A kraken simulacrum (Coc:1)
  A swamp dragon (shapeshifter) (Elf:1)
  A wolf spider zombie (D:15)
  4 naga ritualists
  5 necromancers
  13 orc knights
  6 anaconda skeletons
  3 shadow demons
  20 harpies
  12 deep elf conjurers
  A hornet (Vaults:3)
  5 wolf spiders
  9 hill giants
  A fire giant zombie (Coc:7)
  2 shadow dragon skeletons
  5 iron dragon zombies
  3 orc sorcerers
  A sixfirhy (Lair:8)
  13 griffons
  4 stone giant zombies
  12 manticores
  9 water nymphs
  9 rust devils
  11 cyclopes
  71 ugly things
  An iron dragon skeleton (Coc:7)
  15 fauns
  2 shining eyes
  A salamander (shapeshifter) (Vaults:2)
  6 mana vipers
  A frost giant skeleton (Coc:1)
  26 elephants
  A toenail golem (Abyss:4)
  A black mamba (shapeshifter) (D:14)
  2 fire giant skeletons
  18 salamanders
  Maurice (D:12)
  7 worldbinders
  9 sirens
  8 guardian serpents
  10 orange demons
  23 smoke demons
  34 black mambas
  18 naga magi
  5 spectral swamp worms (Depths:4)
  3 apocalypse crabs
  4 vault sentinels
  A dire elephant zombie (Hell)
  A gargoyle (D:11)
  A stone giant skeleton (Coc:7)
  6 centaur skeletons
  A torpor snail (Lair:8)
  3 efreet
  30 yaktaurs
  A dire elephant skeleton (Coc:2)
  A fire drake (shapeshifter) (Elf:1)
  4 fire drakes
  An eye of devastation (Slime:6)
  3 spiny frogs (shapeshifter)
  An emperor scorpion zombie (Coc:1)
  2 hellions
  7 tormentors
  19 ancient zymes
  A golden dragon simulacrum (Coc:2)
  9 red devils
  14 spiny frogs
  2 anaconda simulacra
  13 deep elf priests
  A harpy zombie (Coc:3)
  40 merfolk
  2 demonic crawlers
  7 komodo dragons
  9 kobold demonologists
  7 hellwings
  3 wind drakes
  8 tengu conjurers
  10 hydra zombies
  14 freezing wraiths
  48 raiju
  8 snapping turtles
  9 trolls
  A polar bear (Lair:8)
  21 two-headed ogres
  18 blink frogs
  2 alligator zombies
  2 human simulacra
  5 hydra skeletons
  63 slime creatures
  A boulder beetle (Vaults:3)
  6 bog bodies (Coc:7)
  A shadow dragon simulacrum (Depths:3)
  2 ettin zombies
  30 blue devils
  3 ice dragon zombies
  A harpy skeleton (D:15)
  A frost giant simulacrum (Depths:3)
  25 flying skulls
  3 vampires
  An alligator skeleton (Hell)
  19 water elementals
  Sigmund (D:4)
  2 trapdoor spiders
  3 centaur simulacra (D:15)
  2 fire dragon skeletons (Coc:1)
  A redback (Depths:5)
  3 ettin skeletons
  8 hungry ghosts
  3 wyverns
  26 deep elf magi
  2 hogs (D:15)
  4 shadows
  13 ynoxinuls
  An elf simulacrum (Depths:3)
  An ice dragon skeleton (Abyss:2)
  9 air elementals
  8 wraiths
  5 basilisks
  A human (D:13)
  12 neqoxecs
  19 hippogriffs
  A dire elephant simulacrum (Abyss:3)
  84 yaks
  3 vampire mosquitoes (Vaults:2)
  4 golden eyes (Abyss:4)
  33 small abominations
  6 mottled dragons
  3 fire elementals
  8 chaos spawn
  34 deep elf fighters
  6 spatial vortices (Abyss:4)
  A hydra simulacrum (Hell)
  4 insubstantial wisps (Abyss:4)
  A mottled dragon (shapeshifter) (Elf:2)
  7 hell hounds
  6 wargs
  25 wolves
  32 nagas
  13 porcupines
  6 spiny frog zombies
  A spiny frog skeleton (Coc:7)
  3 black bears
  24 water moccasins
  13 ice beasts
  4 wasps
  11 eyes of draining
  52 orc warriors
  5 soldier ants (Lair:5)
  24 centaurs
  A swamp dragon zombie (Coc:4)
  A fire dragon simulacrum (Coc:2)
  6 necrophages
  8 sky beasts
  61 ogres
  9 boggarts
  5 phantoms
  A manticore zombie (Coc:6)
  2 snapping turtle skeletons
  A centaur (shapeshifter) (Depths:3)
  15 crocodiles
  3 big kobolds
  A gnoll sergeant (D:6)
  2 brain worms
  A wyvern zombie (D:14)
  2 earth elementals (Abyss:3)
  A spiny frog simulacrum (Hell)
  2 water moccasin zombies (Ossuary)
  20 giant frogs
  24 killer bees
  A water moccasin skeleton (D:12)
  A scorpion (D:9)
  A scorpion (shapeshifter) (Abyss:1)
  A wyvern skeleton (D:8)
  A snapping turtle simulacrum (Abyss:1)
  7 wights
  8 electric eels
  7 hounds
  14 crimson imps
  2 gnoll shamans (D:6)
  53 starcursed masses
  3 giant frog skeletons
  6 iron imps
  3 lava snakes (Snake:3)
  25 orc priests
  2 giant frog zombies
  32 orc wizards
  11 centaur zombies
  6 quasits
  21 jellies
  A human zombie (Coc:1)
  A human skeleton (Coc:2)
  Natasha (thrice) (D:4)
  6 iguanas
  6 lightning spires (Abyss:4)
  28 worker ants
  10 sheep
  2 big kobold zombies (Ossuary)
  A tengu skeleton (Coc:7)
  3 mummies
  2 worker ant zombies
  50 river rats
  14 adders
  10 gnolls
  A shadow imp (D:13)
  3 giant eyeballs (D:15)
  20 white imps
  3 ufetubi
  6 adder zombies (Ossuary)
  10 giant geckos
  213 orcs
  5 giant cockroaches
  3 gnoll zombies (Ossuary)
  11 goblins
  12 hobgoblins
  21 jackals
  12 kobolds
  5 ball pythons
  11 bats
  A giant gecko skeleton (D:4)
  4 giant newts
  9 hobgoblin zombies
  A jackal zombie (D:7)
  8 kobold zombies (Ossuary)
  6 orc zombies (Ossuary)
  A quokka (D:9)
  15 rats
  A fungus (Lair:8)
  2 lurking horrors
  3 plants
  9 starspawn tentacles
  23 tentacles
  2 tentacle segments (Coc:3)
3254 creatures vanquished.

Vanquished Creatures (collateral kills)
  Dissolution (Slime:4)
  Mara (Snake:4)
  3 shard shrikes (Coc:7)
  A caustic shrike (Depths:5)
  An Ice Fiend (Coc:7)
  A deep elf blademaster (Elf:3)
  A deep elf master archer (Elf:3)
  An acid blob (Slime:6)
  2 tengu reavers
  2 azure jellies
  2 greater nagas (Snake:4)
  5 deep elf sorcerers (Elf:3)
  A deep elf demonologist (Elf:1)
  3 elemental wellsprings (Coc:7)
  2 deep elf annihilators (Elf:3)
  A wizard (Abyss:4)
  A lorocyproca (Hell)
  4 blizzard demons
  A deep elf death mage (Elf:3)
  A death ooze (Slime:6)
  2 deep elf high priests (Elf:3)
  9 ice dragons
  A great orb of eyes (Slime:4)
  3 naga warriors
  An anaconda (Snake:4)
  A tengu warrior (Depths:2)
  9 thrashing horrors
  A deep troll earth mage (Depths:2)
  A sun demon (Hell)
  2 shock serpents (Snake:4)
  3 naga sharpshooters (Snake:4)
  A deep troll shaman (Depths:2)
  2 hell knights
  2 deep elf knights (Elf:1)
  2 wretched stars
  7 skeletal warriors
  3 golden dragon zombies
  2 ice devils
  A spatial maelstrom (Abyss:4)
  7 large abominations
  A soul eater (Coc:7)
  A giant orange brain (Abyss:4)
  A lindwurm (Snake:4)
  An ironbrand convoker (Vaults:1)
  An ice statue (Coc:7)
  2 anaconda zombies (Coc:7)
  2 shadow dragon zombies (Coc:7)
  3 deep elf conjurers
  2 mana vipers
  3 ugly things
  2 fire giant zombies
  A stone giant zombie (Coc:7)
  A frost giant skeleton (Coc:7)
  An iron dragon skeleton (Coc:7)
  An apocalypse crab (Abyss:2)
  6 naga magi
  3 black mambas
  3 guardian serpents
  A dire elephant skeleton (Abyss:2)
  4 smoke demons (Abyss:4)
  7 small abominations
  A deep elf priest (Elf:1)
  A kobold demonologist (Vaults:1)
  A red devil (Hell)
  An efreet (Abyss:4)
  A freezing wraith (Coc:7)
  A silent spectre (Abyss:3)
  A hydra skeleton (Hell)
  2 slime creatures (Slime:4)
  14 raiju
  An ice dragon zombie (Coc:7)
  A blink frog (Abyss:3)
  2 ettin skeletons (Coc:7)
  A water elemental (Coc:7)
  2 deep elf fighters (Elf:1)
  A neqoxec (Abyss:3)
  A hippogriff (shapeshifter) (Abyss:4)
  2 fire elementals (Hell)
  A naga (Snake:4)
  2 chaos spawn (Abyss:4)
  3 spatial vortices
  An insubstantial wisp (Abyss:4)
  A swamp dragon zombie (Coc:7)
  An orc warrior (Elf:1)
  A snapping turtle skeleton (Coc:7)
  17 starcursed masses
  3 crawling corpses (Elf:3)
  2 starspawn tentacles
  A tentacle (Abyss:4)
209 creatures vanquished.

Vanquished Creatures (others)
  Nikola (Snake:2)
  An anaconda (Snake:2)
  A thrashing horror (Abyss:4)
  A mana viper (Snake:4)
  An ugly thing (Depths:2)
  2 black mambas (Snake:2)
  An ancient zyme (Abyss:1)
  A bog body (Coc:7)
  A two-headed ogre (Depths:4)
  A fire elemental (Hell)
  2 humans (D:15)
  A sky beast (D:15)
  An ogre (Depths:4)
  2 small abominations
  A quasit (Abyss:1)
  2 white imps
  A giant eyeball (D:15)
  An ufetubus (Abyss:1)
  An orc (Elf:1)
  9 bushes
  18 fungi
  6 lurking horrors
  28 plants
  29 starspawn tentacles
  294 starspawn tentacle segments
  26 tentacles
  1661 tentacle segments
2094 creatures vanquished.

Grand Total: 5557 creatures vanquished

Notes
Turn   | Place    | Note
--------------------------------------------------------------
     0 | D:1      | GrandHerb the Hill Orc Fighter began the quest for the Orb.
     0 | D:1      | Reached XP level 1. HP: 19/19 MP: 1/1
   114 | D:1      | Reached XP level 2. HP: 17/27 MP: 2/2
   729 | D:2      | Reached XP level 3. HP: 33/33 MP: 3/3
   741 | D:2      | Found a faded altar to an unknown god.
   876 | D:2      | Reached skill level 4 in Armour
   911 | D:2      | Found an iron altar of Okawaru.
  1801 | D:3      | Reached XP level 4. HP: 38/40 MP: 4/4
  2260 | D:3      | HP: 1/40 [orc/enchanted flail (4)]
  2572 | D:3      | Reached skill level 1 in Dodging
  2641 | D:3      | Reached XP level 5. HP: 46/46 MP: 5/5
  3051 | D:4      | Found a radiant altar of Vehumet.
  3090 | D:4      | Found a staircase to the Ecumenical Temple.
  3095 | D:4      | Noticed Sigmund
  3098 | Temple   | Entered the Ecumenical Temple
  3110 | Temple   | HP: 1/46 [orc priest/divine providence (14)]
  3131 | Temple   | Became a worshipper of the Shining One
  3697 | D:4      | Killed Sigmund
  3697 | D:4      | Reached skill level 5 in Fighting
  3697 | D:4      | Reached skill level 5 in Armour
  3697 | D:4      | Reached XP level 6. HP: 28/56 MP: 6/6
  4083 | D:4      | Found an opulent altar of Gozag.
  4214 | D:4      | Reached XP level 7. HP: 52/61 MP: 7/7
  4223 | D:4      | Noticed a phantom
  4257 | D:4      | Killed a phantom
  4299 | D:4      | Noticed Natasha
  4314 | D:4      | Noticed a phantom
  4328 | D:4      | Killed Natasha
  4362 | D:4      | Noticed Natasha
  4390 | D:4      | Killed Natasha
  4390 | D:4      | Reached skill level 5 in Shields
  4400 | D:4      | Killed a phantom
  4723 | D:4      | Noticed Natasha
  4732 | D:4      | Killed Natasha
  4816 | D:5      | Entered Level 5 of the Dungeon
  5113 | D:5      | Reached skill level 6 in Fighting
  5266 | D:5      | Reached XP level 8. HP: 65/70 MP: 8/8
  5563 | D:6      | Reached skill level 5 in Polearms
  5649 | D:6      | Acquired the Shining One's first power
  5810 | D:6      | Found a sand-covered staircase.
  5827 | Ossuary  | Entered an ossuary
  5990 | Ossuary  | Acquired the Shining One's second power
  6035 | Ossuary  | Reached skill level 7 in Fighting
  6085 | Ossuary  | Reached skill level 1 in Invocations
  6330 | D:6      | Acquired the Shining One's third power
  6362 | D:6      | Reached XP level 9. HP: 79/79 MP: 10/10
  7443 | D:7      | Found a shadowy altar of Dithmenos.
  7534 | D:7      | Reached skill level 8 in Fighting
  8390 | D:8      | Reached XP level 10. HP: 84/88 MP: 13/13
  9061 | D:8      | Noticed a hill giant
  9079 | D:8      | Killed a hill giant
  9079 | D:8      | Reached skill level 5 in Invocations
 10052 | D:9      | Found a roughly hewn altar of Beogh.
 10052 | D:9      | Found a staircase to the Orcish Mines.
 10107 | D:9      | Reached skill level 5 in Dodging
 10471 | D:9      | Noticed Maurice
 10548 | D:9      | Reached skill level 9 in Fighting
 11216 | D:10     | Entered Level 10 of the Dungeon
 11799 | D:10     | Found Ycoicwitt's Weapon Boutique.
 11850 | D:10     | Reached XP level 11. HP: 78/97 MP: 16/16
 11944 | D:10     | Got a steaming marble ring
 11947 | D:10     | Identified the ring "Unkohiad" {+Fly Str+4} (You found it on level 10 of the Dungeon)
 11978 | D:10     | Found a staircase to the Lair.
 12055 | D:10     | Found Hoocwer's Food Emporium.
 12171 | D:10     | Got an uncursed encrusted short sword {venom}
 12173 | D:10     | Identified the +10 short sword "Zouted" {venom, Int+3} (You took it off a big kobold on level 10 of the Dungeon)
 12219 | D:10     | Found Ahamel's Antique Weapon Shop.
 12227 | D:10     | Bought an encrusted trident for 204 gold pieces
 12229 | D:10     | Identified the +7 trident of Offence {pain, rF+ MP+9} (You bought it in a shop on level 10 of the Dungeon)
 12364 | D:10     | Found Wufil's Jewellery Shop.
 12417 | Lair:1   | Entered Level 1 of the Lair of Beasts
 12490 | Lair:1   | Noticed Urug
 12524 | Lair:1   | Killed Urug
 12524 | Lair:1   | Reached skill level 1 in Evocations
 12834 | D:10     | Noticed an unseen horror
 12842 | D:10     | Killed an unseen horror
 13136 | D:10     | Found Ada Joem's Magic Scroll Shop.
 13143 | D:10     | Bought a scroll of identify for 34 gold pieces
 13143 | D:10     | Bought a scroll of identify for 34 gold pieces
 13143 | D:10     | Bought a scroll of fear for 59 gold pieces
 13264 | D:10     | Reached skill level 10 in Fighting
 13540 | Orc:1    | Entered Level 1 of the Orcish Mines
 13626 | Orc:1    | Found a roughly hewn altar of Beogh.
 14020 | Orc:3    | Found a roughly hewn altar of Beogh.
 14146 | Orc:4    | Entered Level 4 of the Orcish Mines
 14153 | Orc:4    | Noticed an orc high priest
 14153 | Orc:4    | Noticed a sun demon
 14161 | Orc:4    | Noticed an ice devil
 14172 | Orc:3    | Killed an orc high priest
 14725 | Orc:4    | Noticed an orc high priest
 14726 | Orc:4    | Noticed an orc high priest
 14897 | Orc:4    | Found Reew's General Store.
 14901 | Orc:4    | Noticed an ice devil
 14915 | Orc:3    | Noticed a sun demon
 14919 | Orc:3    | Killed an orc high priest
 14919 | Orc:3    | Reached XP level 12. HP: 55/106 MP: 16/18
 15116 | Orc:4    | Bought a scroll of identify for 34 gold pieces
 15181 | Orc:4    | Noticed an orc high priest
 15489 | Orc:3    | Killed an orc high priest
 15512 | Orc:4    | Killed an orc high priest
 15541 | Orc:4    | Noticed an orc knight
 15542 | Orc:4    | Noticed an orc high priest
 15580 | Orc:4    | Killed an orc knight
 15580 | Orc:4    | Killed an orc high priest
 15584 | Orc:4    | Noticed an orc knight
 15593 | Orc:4    | Noticed an orc high priest
 15902 | Orc:3    | Killed an orc knight
 16002 | Orc:3    | Killed an orc high priest
 16243 | Orc:4    | Found Hetosur's Antique Weapon Emporium.
 16244 | Orc:4    | Noticed an orc knight
 16252 | Orc:4    | Noticed an orc knight
 16587 | Orc:3    | Killed an orc knight
 16798 | Orc:4    | Noticed an orc warlord
 16818 | Orc:3    | Killed an orc knight
 17058 | Orc:3    | Killed an orc warlord
 17058 | Orc:3    | Reached skill level 10 in Armour
 17401 | Orc:4    | Found Winoejen's Antique Weapon Shop.
 17527 | Orc:4    | Found Ymiyvouq's Antique Armour Shop.
 17554 | Orc:4    | Reached skill level 11 in Fighting
 17597 | Orc:4    | Bought a helmet for 139 gold pieces
 17650 | Orc:4    | Found Mussusuc's Jewellery Shoppe.
 17889 | Orc:3    | Found a staircase to the Elven Halls.
 18387 | Orc:4    | Bought the brooch of Shielding {Ward rN+ AC+4 EV+4} for 1000 gold pieces
 18464 | Orc:4    | Paralysed by an orc sorcerer for 3 turns
 18474 | Orc:4    | Reached skill level 10 in Shields
 18670 | Orc:2    | Noticed an orc knight
 18734 | Orc:3    | Killed an orc knight
 18734 | Orc:3    | Reached skill level 10 in Polearms
 19010 | Orc:2    | Found Foateob Geas's General Store.
 19242 | Orc:1    | Noticed Erica
 19257 | Orc:1    | Killed Erica
 19309 | Orc:1    | Reached XP level 13. HP: 98/116 MP: 20/20
 19688 | Lair:1   | Noticed Harold
 19719 | Lair:1   | Killed Harold
 20267 | Lair:1   | Reached skill level 10 in Invocations
 21774 | Lair:4   | Noticed Snorg
 21816 | Lair:4   | Killed Snorg
 22997 | Lair:5   | Reached skill level 12 in Fighting
 24068 | Lair:5   | Reached XP level 14. HP: 91/127 MP: 22/22
 24162 | Lair:5   | Found a staircase to the Snake Pit.
 25302 | Lair:5   | Found a staircase to the Shoals.
 25933 | Orc:4    | Bought a glowing plate armour for 713 gold pieces
 27590 | Lair:7   | Reached skill level 13 in Fighting
 27657 | Lair:7   | Found a staircase to the Slime Pits.
 27902 | Lair:7   | Found a basalt altar of Yredelemnul.
 27991 | Lair:8   | Entered Level 8 of the Lair of Beasts
 28490 | Lair:8   | Reached XP level 15. HP: 136/136 MP: 24/24
 28959 | Lair:8   | Acquired the Shining One's fourth power
 29018 | Lair:8   | Found a burning altar of Makhleb.
 29166 | Lair:8   | Found a gateway to Hell.
 29185 | Hell     | Entered the Vestibule of Hell
 29185 | Hell     | Noticed Geryon
 29209 | Hell     | Noticed Murray
 29808 | Lair:8   | Reached skill level 5 in Evocations
 31545 | Shoals:1 | Entered Level 1 of the Shoals
 32182 | Shoals:2 | Upgraded the game from 0.17-a0-1887-g3e50df6 to 0.17-a0-1900-g45e8110
 32710 | Shoals:2 | Reached XP level 16. HP: 130/145 MP: 26/26
 32751 | Shoals:2 | Reached skill level 14 in Fighting
 34521 | Shoals:3 | Reached skill level 10 in Dodging
 35688 | Shoals:4 | Entered Level 4 of the Shoals
 35916 | Shoals:4 | Noticed Ilsuiw
 36415 | Shoals:4 | Noticed Polyphemus
 37678 | Shoals:3 | Reached XP level 17. HP: 143/154 MP: 27/27
 37719 | Shoals:3 | Killed Ilsuiw
 38830 | Shoals:4 | Found Moumod's Weapon Emporium.
 39385 | Shoals:3 | Killed Polyphemus
 39394 | Shoals:3 | Reached skill level 15 in Invocations
 39748 | Shoals:4 | Reached skill level 15 in Fighting
 39921 | Shoals:4 | Noticed a kraken
 39951 | Shoals:4 | Killed a kraken
 39958 | Shoals:4 | Got a barnacled rune of Zot
 41046 | Shoals:4 | Noticed a kraken
 41089 | Shoals:4 | Killed a kraken
 41543 | Elf:1    | Entered Level 1 of the Elven Halls
 41614 | Elf:1    | Noticed Louise
 41627 | Elf:1    | Cast into the Abyss (Louise)
 41674 | Abyss:1  | Gained mutation: You are agile. (Dex +2) [a neqoxec]
 42003 | Abyss:1  | Noticed a bone dragon
 42007 | Abyss:1  | Found a corrupted altar of Lugonu.
 42026 | Abyss:1  | Gained mutation: Your body sometimes deteriorates upon taking damage. [a cacodemon]
 42068 | Abyss:1  | Got a pair of bloodstained boots
 42129 | Abyss:1  | Noticed a lich
 42177 | Abyss:1  | Found a sacrificial altar of Ru.
 42606 | Abyss:1  | Noticed a lich
 42993 | Abyss:1  | Paralysed by a lich for 3 turns
 43003 | Abyss:1  | Paralysed by a lich for 4 turns
 43008 | Abyss:1  | Killed a lich
 43199 | Abyss:1  | Reached XP level 18. HP: 95/163 MP: 29/29
 43227 | Abyss:1  | Found a corrupted altar of Lugonu.
 43394 | Abyss:1  | Paralysed by accursed screaming for 1 turns
 43511 | Abyss:1  | Paralysed by accursed screaming for 1 turns
 43582 | Abyss:1  | Identified a +4 trishula of holy wrath (a +2 demon trident of draining blessed by the Shining One)
 43582 | Abyss:1  | Received a gift from the Shining One
 43598 | Abyss:1  | Identified the +0 pair of boots of Generosity {*Corrode rC+ MR+++ Dex+3} (You found it on level 1 of the Abyss)
 43955 | Abyss:1  | Paralysed by accursed screaming for 1 turns
 43963 | Elf:1    | Escaped the Abyss
 44622 | Hell     | Killed Geryon
 44657 | Hell     | Reached skill level 16 in Invocations
 44662 | Hell     | Found a gateway to the ashen valley of Gehenna.
 44761 | Hell     | Found a gateway to the decaying netherworld of Tartarus.
 44761 | Hell     | Noticed a shadow dragon
 44794 | Hell     | Killed a shadow dragon
 44900 | Hell     | Reached skill level 15 in Shields
 44959 | Hell     | Found a gateway to the freezing wastes of Cocytus.
 45109 | Hell     | Found a gateway to the Iron City of Dis.
 45835 | D:10     | Bought a scroll of enchant weapon for 127 gold pieces
 45835 | D:10     | Bought a scroll of recharging for 161 gold pieces
 45835 | D:10     | Bought a scroll of teleportation for 51 gold pieces
 45835 | D:10     | Bought a scroll of fear for 59 gold pieces
 45835 | D:10     | Bought a scroll of enchant armour for 127 gold pieces
 45835 | D:10     | Bought a scroll of identify for 34 gold pieces
 46042 | Elf:1    | Killed Louise
 46659 | Elf:1    | Reached XP level 19. HP: 157/173 MP: 10/31
 46668 | Elf:1    | Reached skill level 15 in Polearms
 46669 | Elf:1    | Reached skill level 15 in Armour
 47018 | Elf:2    | Found a huge runed gate.
 47030 | Elf:2    | Found a huge runed gate.
 47030 | Elf:2    | Found a huge runed gate.
 47030 | Elf:2    | Found a huge runed gate.
 47040 | Elf:2    | Found a huge runed gate.
 48051 | Elf:3    | Entered Level 3 of the Elven Halls
 48200 | Elf:3    | Gained mutation: Potions and wands are less effective at restoring your health. [potion of mutation]
 48200 | Elf:3    | Gained mutation: You have a pair of small antennae on your head. [potion of mutation]
 48200 | Elf:3    | Gained mutation: You have large cloven feet. [potion of mutation]
 48201 | Elf:3    | Gained mutation: You tend to lose your temper in combat. [potion of mutation]
 48201 | Elf:3    | Gained mutation: Your system is resistant to poisons. [potion of mutation]
 48202 | Elf:3    | Lost mutation: Potions and wands are less effective at restoring your health. [potion of cure mutation]
 48202 | Elf:3    | Lost mutation: You tend to lose your temper in combat. [potion of cure mutation]
 48202 | Elf:3    | Lost mutation: You are agile. (Dex +2) [potion of cure mutation]
 48202 | Elf:3    | Lost mutation: Your body sometimes deteriorates upon taking damage. [potion of cure mutation]
 48203 | Elf:3    | Lost mutation: Your system is resistant to poisons. [potion of cure mutation]
 48203 | Elf:3    | Lost mutation: You have a pair of small antennae on your head. [potion of cure mutation]
 48203 | Elf:3    | Lost mutation: You have large cloven feet. [potion of cure mutation]
 48620 | Elf:3    | Reached skill level 17 in Invocations
 48667 | Elf:3    | Got a silken robe
 48792 | Elf:3    | Noticed derrpe's ghost (mighty MfTm)
 48808 | Elf:3    | Killed derrpe's ghost
 49285 | Elf:3    | Got a smoking marble ring
 49301 | Elf:3    | Identified the ring of Gaum {rC+ Str+4 Slay+2} (You found it on level 3 of the Elven Halls)
 49539 | Elf:1    | Reached XP level 20. HP: 184/184 MP: 32/32
 49785 | Lair:1   | Identified the +1 robe "Vaonatz" {MP+9 Str+3} (You found it on level 3 of the Elven Halls)
 49975 | Orc:4    | Bought a glowing hat for 124 gold pieces
 50639 | D:11     | Found a frozen archway.
 50727 | IceCv    | Entered an ice cave
 50932 | D:11     | Noticed Nergalle
 50938 | D:11     | Killed Nergalle
 51307 | D:11     | Found a gateway to a bazaar.
 51524 | D:12     | Killed Maurice
 51580 | D:12     | Found a portal to a secret trove of treasure.
 53209 | D:13     | Found a gate to the Vaults.
 53660 | Vaults:1 | Entered Level 1 of the Vaults
 53709 | Vaults:1 | Noticed Saint Roka
 53756 | Vaults:1 | Killed Saint Roka
 54430 | Vaults:1 | Reached skill level 18 in Invocations
 55146 | Vaults:2 | Got a crude great sword
 55153 | Vaults:2 | Identified the +3 great sword of the Shore {distort, +Rage rPois Dex+4} (You found it on level 2 of the Vaults)
 55901 | Vaults:2 | Found a deep blue altar of Sif Muna.
 56268 | Vaults:2 | Reached XP level 21. HP: 193/193 MP: 34/34
 56790 | Vaults:2 | Found Arahemm's Magic Scroll Emporium.
 56823 | Vaults:2 | Bought a scroll of acquirement for 624 gold pieces
 56842 | Vaults:2 | Bought a scroll of acquirement for 624 gold pieces
 57006 | Vaults:3 | Found a staircase to the Crypt.
 57006 | Vaults:3 | Found a basalt altar of Yredelemnul.
 57007 | Vaults:3 | Found an ancient bone altar of Kikubaaqudgha.
 57816 | Vaults:3 | Noticed Margery
 57837 | Vaults:3 | Killed Margery
 58486 | Vaults:3 | Got a pitted hat
 58498 | Vaults:3 | Identified the cursed -7 hat of Ofiun {rF+ rC- MR+++ Regen+} (You found it on level 3 of the Vaults)
 58515 | Vaults:3 | Found a radiant altar of Vehumet.
 58549 | Vaults:3 | Reached skill level 19 in Invocations
 59095 | Coc:1    | Entered Level 1 of Cocytus
 59095 | Coc:1    | Found a gateway to Hell.
 59421 | Coc:1    | Found a shattered altar of Ashenzari.
 59569 | Coc:2    | Found a gateway to Hell.
 59703 | Coc:2    | Found a gateway to Hell.
 59755 | Coc:2    | Found a gateway to Hell.
 59949 | Coc:2    | Reached XP level 22. HP: 190/204 MP: 35/35
 60002 | Coc:3    | Found a gateway to Hell.
 60008 | Coc:3    | Noticed a shard shrike
 60011 | Coc:3    | Noticed a shard shrike
 60027 | Hell     | Killed a shard shrike
 60480 | Snake:1  | Entered Level 1 of the Snake Pit
 61091 | Snake:2  | Noticed Aizul
 61104 | Snake:2  | Killed Aizul
 61178 | Snake:2  | Noticed Nikola
 61194 | Snake:2  | Killed Nikola
 61718 | Snake:2  | Found Pounaj's Food Emporium.
 62891 | Snake:4  | Entered Level 4 of the Snake Pit
 62907 | Snake:4  | Noticed Mara
 62911 | Snake:4  | Noticed GrandHerb's illusion
 62915 | Snake:4  | Killed Mara
 64313 | Snake:4  | Reached XP level 23. HP: 133/213 MP: 2/36
 64361 | Snake:4  | Got a serpentine rune of Zot
 64639 | Snake:4  | Noticed asdu's ghost (powerful DDMo)
 64650 | Snake:4  | Killed asdu's ghost
 64803 | Snake:4  | Reached skill level 20 in Invocations
 65337 | D:14     | Found Ythyhelule's Food Boutique.
 65625 | D:14     | Gained mutation: You are occasionally teleported to nearby monsters. [mutagenic meat]
 66235 | D:15     | Entered Level 15 of the Dungeon
 66235 | D:15     | Noticed Rupert
 66246 | D:15     | Killed Rupert
 66266 | D:15     | Noticed Azrael
 66281 | D:15     | Killed Azrael
 66304 | D:15     | Paralysed by a giant eyeball for 2 turns
 66356 | D:15     | Paralysed by a giant eyeball for 4 turns
 66402 | D:15     | Paralysed by a giant eyeball for 2 turns
 66428 | D:15     | Noticed Kirke
 66444 | D:15     | Killed Kirke
 66447 | D:15     | Paralysed by a giant eyeball for 2 turns
 66451 | D:15     | Paralysed by a giant eyeball for 4 turns
 66575 | D:15     | Got a transparent golden ring
 66577 | D:15     | Identified the ring "Eseafoja" {Wiz rElec rPois} (You found it on level 15 of the Dungeon)
 66698 | D:15     | Got a flickering silver ring
 66704 | D:15     | Identified the ring of Equilibrium {EV+3 Int+2} (You found it on level 15 of the Dungeon)
 66825 | D:15     | Lost mutation: You are occasionally teleported to nearby monsters. [potion of cure mutation]
 66835 | D:15     | Got a transparent platinum ring
 66847 | D:15     | Found a staircase to the Depths.
 66903 | D:15     | Found Huret's Food Shop.
 67009 | D:15     | Found Guxkafui's Armour Boutique.
 67139 | D:15     | Found Mideneh's Antique Weapon Shoppe.
 67396 | Lair:1   | Identified the ring "Zafen" {+Fly MR++ Int+4 Slay-3} (You found it on level 15 of the Dungeon)
 67625 | Depths:1 | Entered Level 1 of the Depths
 69355 | Depths:2 | Reached XP level 24. HP: 197/224 MP: 37/37
 70364 | Depths:3 | Found a gateway to a ziggurat.
 70940 | Depths:3 | Found a one-way gate leading to the halls of Pandemonium.
 70950 | Depths:3 | Reached skill level 21 in Invocations
 72333 | Depths:4 | Reached XP level 25. HP: 234/234 MP: 37/37
 72379 | Depths:4 | Reached skill level 15 in Dodging
 72439 | Depths:4 | Found a one-way gate to the infinite horrors of the Abyss.
 73088 | Depths:4 | Found a burning altar of Makhleb.
 73121 | Depths:4 | Got a clouded copper ring
 73156 | Depths:4 | Identified the ring of Doanaova {SustAt rC- Dex+6} (You found it on level 4 of the Depths)
 73460 | Depths:4 | Found a runed door.
 73465 | Depths:4 | Found a runed door.
 73771 | Depths:5 | Entered Level 5 of the Depths
 73840 | Depths:5 | Found a gate to the Realm of Zot.
 75603 | Depths:4 | Voluntarily entered the Abyss.
 75732 | Abyss:1  | Paralysed by accursed screaming for 1 turns
 75738 | Abyss:1  | Paralysed by accursed screaming for 2 turns
 75743 | Abyss:1  | Paralysed by accursed screaming for 2 turns
 75935 | Abyss:1  | Reached skill level 22 in Invocations
 76034 | Abyss:1  | Found a corrupted altar of Lugonu.
 76181 | Abyss:1  | Reached XP level 26. HP: 244/244 MP: 38/38
 76241 | Abyss:2  | Found a corrupted altar of Lugonu.
 76528 | Abyss:2  | Found a burning altar of Makhleb.
 76646 | Abyss:3  | Found a shattered altar of Ashenzari.
 76748 | Abyss:3  | Got a faintly glowing war axe
 77033 | Abyss:3  | Paralysed by accursed screaming for 1 turns
 77229 | Abyss:3  | Gained mutation: You are dopey. (Int -2) [a neqoxec]
 77478 | Abyss:3  | Found a corrupted altar of Lugonu.
 77738 | Abyss:4  | Identified the Tome of Curses (You found it on level 4 of the Abyss)
 78364 | Abyss:4  | Paralysed by you for 2 turns
 78428 | Abyss:4  | Gained mutation: You are very dopey. (Int -4) [a neqoxec]
 78738 | Abyss:4  | Lost mutation: You are very dopey. (Int -4) [potion of cure mutation]
 78738 | Abyss:4  | Lost mutation: You are dopey. (Int -2) [potion of cure mutation]
 78963 | Abyss:4  | Reached XP level 27. HP: 228/228 MP: 30/30
 79253 | Abyss:4  | Got an abyssal rune of Zot
 79267 | Abyss:4  | Paralysed by accursed screaming for 1 turns
 79456 | Abyss:4  | Reached skill level 23 in Invocations
 79722 | Abyss:4  | Gained mutation: You expend magic power (3 MP) to strengthen your wands. [a neqoxec]
 79907 | Abyss:4  | Identified the +4 war axe "Gumy" {chop, Dex+2} (You found it on level 3 of the Abyss)
 80175 | Depths:4 | Escaped the Abyss
 80397 | Coc:3    | Killed a shard shrike
 80844 | Coc:7    | Entered Level 7 of Cocytus
 81619 | Coc:7    | Noticed Antaeus
 81639 | Coc:7    | Reached skill level 24 in Invocations
 81678 | Coc:7    | HP: 9/258 [Antaeus (15)]
 81682 | Coc:7    | Killed Antaeus
 81713 | Coc:7    | Got an icy rune of Zot
 81718 | Coc:7    | Identified a +0 pair of boots of running (You found it on level 7 of Cocytus)
 81991 | Dis:1    | Entered Level 1 of the Iron City of Dis
 82923 | Slime:1  | Entered Level 1 of the Pits of Slime
 83692 | Slime:3  | Gained mutation: Your flesh is cold resistant. [a shining eye]
 83706 | Slime:4  | Noticed Dissolution
 83715 | Slime:4  | Killed Dissolution
 83876 | Slime:6  | Entered Level 6 of the Pits of Slime
 84026 | Slime:6  | Noticed the royal jelly
 84039 | Slime:6  | HP: 11/260 [acid (15)]
 84567 | Slime:6  | Was placed under penance by the Shining One
 84574 | Slime:6  | Killed the royal jelly
 84574 | Slime:6  | HP: 13/260 [acid[the royal jelly] (13)]
 84586 | Slime:6  | HP: 1/260 [acid blob (25)]
 84586 | Slime:6  | Splashed by an acid blob's acid

Vault maps used:
D:1:      dpeg_arrival_fog
D:2:      okawaru_metal_pillars_1_2, ecumenical_altar_2
D:3:      roderic_malta_cross
D:4:      lemuel_round_altar, grunt_gozag_statues, minmay_temple_entry_glass,
          first_bread, uniq_sigmund, uniq_natasha
D:5:      roderic_lattice_a
D:6:      kennysheep_housing_project, nicolae_ossuary_entry_giza,
          minmay_misc_feat_x
D:7:      kennysheep_little_box
D:9:      david_orc_5, uniq_maurice
D:10:     grunt_lair_entry_elf_guard_hut, serial_shops,
          nicolae_shop_behind_doors, shop_fountains, nicolae_shop_waterfront,
          nicolae_shop_behind_doors, nicolae_shop_crystal, grunt_tengu_nest
D:11:     portal_ice_cave_entry_imps, serial_shops, bzr_entry_safe,
          uniq_nergalle
D:12:     lab_entry_generic, nicolae_trove_entry_free_sample, minmay_hedge_maze,
          spider_trap, grunt_ministairs_15
D:13:     grunt_vaults_entry_fortified, wad_dig_loot
D:14:     serial_shops, shop, minmay_misc_feat_pillars
D:15:     hangedman_spin_cycle, uniq_kirke, uniq_azrael, uniq_rupert
Temple:   eino_wide_crystal_templ_15
Lair:1:   grunt_megastairs_3, serial_bayou_shore_a, infiniplex_staircase_pool,
          uniq_urug, uniq_harold
Lair:3:   serial_bayou_shore_b, serial_bayou_shore_b
Lair:4:   beast_lair_carwin_2, serial_bayou_shore_b, serial_bayou_shore_b,
          grunt_megastairs_2, lemuel_fruit_tree, infiniplex_staircase_pool_2,
          uniq_snorg
Lair:5:   beast_lair_carwin_large_4, elwin_shoals_entry_rooms,
          minmay_snake_entry_guardpost_small, minmay_another_anthill,
          serial_bayou_shore_b
Lair:6:   serial_bayou_lagoon_b
Lair:7:   minmay_slime_entry_pillars, lemuel_centaur_altar, grunt_megastairs_1
Lair:8:   evil_forest
Shoals:2: nicolae_shoals_square_sea_wall
Shoals:4: serial_shops, shop, shoals_end_hangedman, shoals_ilsuiw_alternative,
          uniq_polyphemus
Snake:1:  grunt_ministairs_5
Snake:2:  serial_shops, nicolae_shop_crystal, uniq_aizul, uniq_nikola
Snake:4:  snake_pit_salamanders_mu, uniq_mara
Slime:1:  nicolae_slime_jelly_donut
Slime:3:  nicolae_slime_barrier
Slime:4:  dissolution_awaits
Orc:1:    basic_altar, uniq_erica
Orc:2:    serial_shops, shop
Orc:3:    basic_altar, nicolae_orc_pool_cavern
Orc:4:    grunt_orc_gardens, grunt_orc_garden, grunt_orc_garden,
          grunt_orc_garden, grunt_orc_garden, serial_shops, shop
Elf:1:    elf_arrival_001, orc_legates, uniq_louise
Elf:2:    hex_intersection, abandoned_shop
Elf:3:    minmay_elf_hall_dome
Vaults:1: v_alt_pattern_2, hangedman_vaults_locks,
          ontoclasm_vaults_decontamination, v_misc_23, vaults_room_grid,
          nicolae_vaults_ring_of_whatevers, nicolae_vaults_little_squares_3,
          uniq_saint_roka
Vaults:2: vaults_mumra_chevron, nicolae_vaults_what_the_h,
          vaults_standard_mumra_lines, v_misc_3, v_misc_5, v_pattern_3,
          v_alt_pattern_2, nicolae_vaults_asterisk, special_room_vaults,
          vaults_room_pool, grunt_vaults_hallway_short,
          ontoclasm_vaults_loading_screen, basic_altar, serial_shops, shop
Vaults:3: minmay_crypt_entry_necro_gods, ontoclasm_vaults_spin,
          ontoclasm_vaults_ring_small, ontoclasm_vaults_claustrophobia,
          hangedman_vaults_trim, vaults_dpeg_diagonal, grunt_tower_of_power,
          ontoclasm_vaults_ring_large, nicolae_vaults_yaktaur_gun_rack,
          dpeg_vaults_monster_row, nicolae_vaults_three_branches, v_misc_13,
          v_misc_1, uniq_margery
Depths:1: minmay_misc_feat_doors, lightli_too_deep, kennysheep_windowed_goal
Depths:2: four-leaf_vault, hangedman_coc_ice_floe, kennysheep_cross_bottleneck,
          onia_ninara_dug_in_and_dangerous
Depths:3: minmay_concentric_multi, enter_ziggurat_e, grunt_hell_entry_dis_mu,
          rand_demon_pan_entry_3, kennysheep_potato
Depths:4: evilmike_makhleb_hellhole, rand_demon_pan_entry_5, abyss_entry,
          pf_hell_entry_tar_river, nrook_mini_backslash, serial_bayou_shore_b
Depths:5: evilmike_zot_entry_basic, minmay_misc_feat_tiny, hell_entry,
          lightli_fourway_metalbox
Coc:1:    hangedman_feature_mirror
Coc:7:    coc_grunt
Abyss:4:  evilmike_abyss_exit_7, hangedman_abyss_lost_library,
          kb_abyss_rune_zappy, abyss_exit_lava
Ossuary:  ossuary_tomb_2
IceCv:    ice_cave_statue_garden_02

Action                   |  1- 3 |  4- 6 |  7- 9 | 10-12 | 13-15 | 16-18 | 19-21 | 22-24 | 25-27 || total
-------------------------+-------+-------+-------+-------+-------+-------+-------+-------+-------++-------
Melee: Trident           |   174 |   177 |   850 |  1501 |  2616 |  2084 |       |       |       ||  7402
       Trishula          |       |       |       |       |       |   506 |  2149 |  2221 |  3017 ||  7893
Throw: Javelin           |       |       |       |     4 |       |    14 |       |       |       ||    18
       Throwing net      |       |       |       |     1 |       |       |       |       |       ||     1
Invok: Divine Shield     |       |       |     1 |    12 |     8 |    10 |     2 |     1 |     1 ||    35
       Cleansing Flame   |       |       |       |     8 |    22 |    12 |     9 |    16 |    42 ||   109
       Summon Divine War |       |       |       |       |     6 |     3 |     8 |    11 |    29 ||    57
       Brand Weapon With |       |       |       |       |       |     1 |       |       |       ||     1
 Abil: Evoke Flight      |       |       |       |       |       |       |       |     3 |    10 ||    13
       Stop Flying       |       |       |       |       |       |       |       |     1 |       ||     1
Evoke: Wand              |       |       |       |       |     6 |    18 |       |       |     5 ||    29
       Deck              |       |       |       |       |     1 |       |       |       |       ||     1
       Disc of storms    |       |       |       |       |       |     8 |     1 |       |     1 ||    10
  Use: Potion            |       |     3 |     2 |     3 |     8 |     6 |     4 |     2 |    11 ||    39
       Scroll            |       |     2 |     5 |     8 |    23 |    20 |    13 |     5 |     8 ||    84
 Stab: Distracted        |       |       |       |       |       |     2 |       |       |     1 ||     3
       Petrified         |       |       |       |       |       |       |       |     1 |       ||     1
  Eat: Chunk             |     3 |     8 |    14 |    21 |    36 |    27 |    38 |    39 |    25 ||   211
       Fruit             |       |       |     1 |    13 |    13 |    14 |     8 |     4 |     7 ||    60
       Pizza             |       |       |       |     1 |     3 |     1 |     1 |     3 |     1 ||    10
       Meat ration       |       |       |       |     1 |       |     1 |       |       |     3 ||     5
       Royal jelly       |       |       |       |     1 |       |       |       |       |       ||     1
       Beef jerky        |       |       |       |       |     1 |     4 |     1 |     2 |     3 ||    11
       Bread ration      |       |       |       |       |       |       |       |       |     2 ||     2
